 Dungeon Sprint DCSS version 0.18-a0-1788-g92de1ac (webtiles) character file.

470 Kidiri the Covert (level 6, -8/32 HPs)
             Began as a Spriggan Enchanter on Apr 19, 2016.
             Rolled over by a boulder beetle (24 damage)
             ... in the Dungeon (Sprint II: "The Violet Keep of Menkaure").
             The game lasted 00:02:25 (593 turns).

Kidiri the Covert (Spriggan Enchanter)               Turns: 593, Time: 00:02:27

Health: -8/32      AC:  3    Str:  4    XL:     6   Next: 82%
Magic:  7/17       EV: 25    Int: 17    God:
Gold:   729        SH:  0    Dex: 18    Spells: 5 memorised, 8 levels left

rFire  . . .     SeeInvis +     a - +1 dagger
rCold  . . .     Gourm    .     b - +1 robe
rNeg   . . .     Faith    .     (shield restricted)
rPois  .         Spirit   .     (helmet restricted)
rElec  .         Dismiss  .     (no cloak)
rCorr  .         Reflect  .     (gloves unavailable)
SustAt .         Harm     .     (boots unavailable)
MR     +....     NoTele   +     (no amulet)
Stlth  +++++.....               (no ring)
                                (no ring)

@: very slightly contaminated, very quick, somewhat resistant to hostile
enchantments, quite stealthy
A: unfitting armour, see invisible, herbivore 3, speed 3, slow metabolism 2
a: no special abilities


You were in the Dungeon.
You were not hungry.

You visited 1 branch You collected 729 gold pieces.

Inventory:

Hand Weapons
 a - a +1 dagger (weapon)
Armour
 b - a +1 robe (worn)
Scrolls
 j - a scroll of blinking
Potions
 e - a potion of curing
 f - a potion of heal wounds
 g - a potion of haste
 h - a potion of magic
 i - a potion of berserk rage
Books
 c - a book of Maledictions

   Spells                             Type                      Level
   a - Corona                         Hexes                        1
   b - Ensorcelled Hibernation        Hexes/Ice                    2
   c - Confuse                        Hexes                        3
   d - Tukima's Dance                 Hexes                        3
   e - Dazzling Spray                 Conjuration/Hexes            3
Comestibles
 d - a bread ration


   Skills:
 + Level 3.0 Fighting
 * Level 6.5 Short Blades
 + Level 2.9 Armour
 * Level 8.8 Dodging
 * Level 10.1 Stealth
 * Level 7.6 Spellcasting
 + Level 2.3 Conjurations
 + Level 6.0 Hexes
 + Level 2.8 Ice Magic


You had 8 spell levels left.
You knew the following spells:

 Your Spells              Type           Power        Failure   Level  Hunger
a - Corona                Hex            ####...      1%          1    None
b - Ensorcelled Hibernat  Hex/Ice        ###...       2%          2    None
c - Confuse               Hex            ####....     3%          3    ##.....
d - Tukima's Dance        Hex            ####....     3%          3    ##.....
e - Dazzling Spray        Conj/Hex       ###.....     8%          3    ##.....


Dungeon Overview and Level Annotations

Branches:
Dungeon (1/1)

Altars:


Innate Abilities, Weirdness & Mutations

You are tiny and cannot use many weapons and most armour.
You have supernaturally acute eyesight.
You are a herbivore.
You cover ground extremely quickly.
You need consume almost no food.


Message History

The boulder beetle curls into a ball and starts rolling!
There is a staircase leading out of the dungeon here.
The helpless boulder beetle fails to defend itself.
You spit the boulder beetle like a pig!!!
The boulder beetle is severely wounded.
The boulder beetle hits a rock wall.
The boulder beetle stops rolling.
Unknown command.
Casting: Ensorcelled Hibernation
Confirm with . or Enter, or press ? or * to list all spells.
Aiming: Dazzling Spray
Press: ? - help, Shift-Dir - straight line, f/p - boulder beetle
Aim: a boulder beetle (sparse dust, severely wounded)
The spray of energy hits the boulder beetle.
The boulder beetle is severely wounded.
The boulder beetle is dazzled.
The spray of energy hits the boulder beetle.
The boulder beetle is heavily wounded.
The boulder beetle is dazzled.
The boulder beetle smashes into you!
Ouch! That really hurt!
You die...

§§§§§
##≈≈#+++#+++##
#≈≈≈.........#
#≈≈≈≈.##+##..#
#≈≈≈≈##.#.##.####
#≈≈≈ #.###.#....#
#≈≈# ##.#.####..##
#≈##. ##'###.##..#
# #..§##@###..#..#
#§B<.'.##+..#
#.§§##B###..#....#
##.
##+###.##......≈ #
##...####≈≈.....≈#
#..#).# ≈≈≈≈≈§.≈#
##...## ≈≈≈§§§§.≈#
##+## ≈≈§≈§≈§≈≈#
≈§§≈≈≈§≈§≈#


You could see 2 boulder beetles.

Vanquished Creatures
  A siren (D)
  4 worker ants (D)
5 creatures vanquished.

Vanquished Creatures (others)
  Menkaure (D)
  A hippogriff (D)
  2 crocodiles (D)
4 creatures vanquished.

Grand Total: 9 creatures vanquished

Notes
Turn   | Place    | Note
--------------------------------------------------------------
     0 | D        | Kidiri the Spriggan Enchanter began the quest for the Orb.
     0 | D        | Reached XP level 1. HP: 9/9 MP: 5/5
     1 | D        | Noticed a hippogriff
     1 | D        | Noticed a hippogriff
     4 | D        | Noticed a boulder beetle
     4 | D        | Noticed a boulder beetle
     7 | D        | Noticed a siren
    10 | D        | Noticed a worker ant
    10 | D        | Noticed a worker ant
    12 | D        | Noticed a worker ant
    12 | D        | Noticed a worker ant
    13 | D        | Killed a worker ant
    13 | D        | Reached skill level 1 in Fighting
    13 | D        | Reached skill level 1 in Armour
    13 | D        | Reached skill level 5 in Stealth
    13 | D        | Reached XP level 2. HP: 14/14 MP: 5/7
    20 | D        | Learned a level 2 spell: Ensorcelled Hibernation
    36 | D        | Reached skill level 6 in Stealth
    36 | D        | Reached XP level 3. HP: 18/18 MP: 5/9
    44 | D        | Reached skill level 5 in Dodging
    44 | D        | Reached skill level 1 in Ice Magic
    44 | D        | Reached XP level 4. HP: 15/22 MP: 1/11
    49 | D        | Learned a level 3 spell: Confuse
    53 | D        | Learned a level 3 spell: Tukima's Dance
    57 | D        | Learned a level 3 spell: Dazzling Spray
   139 | D        | Reached skill level 7 in Stealth
   204 | D        | Killed a crocodile
   266 | D        | Killed a crocodile
   317 | D        | Killed a hippogriff
   499 | D        | Killed a siren
   499 | D        | Reached skill level 10 in Stealth
   499 | D        | Reached XP level 5. HP: 18/28 MP: 9/16
   499 | D        | Reached XP level 6. HP: 21/32 MP: 9/17
   584 | D        | Noticed Menkaure
   587 | D        | Killed Menkaure
   593 | D        | Rolled over by a boulder beetle

Vault maps used:
D:        the_violet_keep_of_menkaure

Skill      XL: |  1  2  3  4 |
---------------+-------------+-----
Fighting       | 1 3 |  3.0
Short Blades   | 2 3 6 |  6.5
Armour         | 1 2 |  2.9
Dodging        | 4 5 8 |  8.8
Stealth        | 5 6 10 | 10.1
Spellcasting   | 3 4 7 |  7.6
Hexes          | 4 6 |  6.0
Ice Magic      | 1 2 |  2.8
Conjurations   | 2 |  2.3

Action                   |  1- 3 |  4- 6 || total
-------------------------+-------+-------++-------
Melee: Dagger            |     3 |     7 ||    10
 Cast: Ensorcelled Hiber |     6 |     2 ||     8
       Dazzling Spray    |       |     3 ||     3
  Use: Potion            |     1 |       ||     1
 Stab: Sleeping          |     3 |     3 ||     6
Armor: Robe              |     1 |       ||     1
Dodge: Dodged            |     6 |     5 ||    11
